 Seeded DCSS version 0.30.1-11-g7821555f0a (webtiles) character file.

Game seed: 5129858224507802926 (custom seed)

19 Psyclone the Conjurer (level 2, 15/15 HPs)
             Began as a Deep Elf Conjurer on Nov 7, 2023.
             Quit the game on level 3 of the Dungeon.
             The game lasted 00:00:10 (281 turns).

Psyclone the Conjurer (Deep Elf Conjurer)            Turns: 281, Time: 00:00:11

Health: 15/15      AC:  2    Str:  4    XL:     2   Next: 55%
Magic:  5/8        EV: 12    Int: 22    God:
Gold:   30         SH:  0    Dex: 13    Spells: 5/8 levels left

rFire   . . .        (no weapon)
rCold   . . .        (no shield)
rNeg    . . .        a - +0 robe
rPois   .            (no helmet)
rElec   .            (no cloak)
rCorr   .            (no gloves)
SInv    .            (no boots)
Will    .....        (no amulet)
Stlth   +            (no ring)
HPRegen 0.22/turn    (no ring)
MPRegen 0.11/turn

%: no passive effects
@: confused
A: no striking features
a: no special abilities


You were on level 3 of the Dungeon.
You visited 1 branch of the dungeon, and saw 3 of its levels.

You collected 30 gold pieces.

Inventory:

Armour
 a - a +0 robe (worn)
Scrolls
 d - a scroll of amnesia {unknown}
 e - a scroll of vulnerability {unknown}
Potions
 b - a potion of magic
 c - 2 potions of mutation {unknown}


   Skills:
 - Level 2.4 Dodging
 - Level 2.4 Stealth
 + Level 3.5 Spellcasting
 * Level 5.0 Conjurations


You had 5 spell levels left.
You knew the following spells:

 Your Spells              Type           Power      Damage    Failure   Level
a - Magic Dart            Conj           100%       1d8       1%          1
b - Searing Ray           Conj           50%        2d6       2%          2

Your spell library contained the following spells:

 Spells                   Type           Power      Damage    Failure   Level
 Dazzling Flash           Conj/Hex       28%        N/A       13%         3
 Fulminant Prism          Conj/Hex       7%         3d7       38%         4
 Iskenderun's Mystic Bla  Conj/Tloc      14%        2d5       38%         4


Dungeon Overview and Level Annotations

Branches:
Dungeon (3/15) Zot: 17719

Altars:

Shops:
D:2 =


Message History

You now have 2/8 mp.
Found an escape hatch in the ceiling.
There is an escape hatch in the ceiling here.
You start resting.
Magic restored.
MP restored: 8 An orc comes into view. It is wielding a +0 mace.
An orc wizard comes into view. It is wielding a +0 dagger.
The orc shouts!
The orc wizard shouts!
An orc priest comes into view. It is wielding a +0 dagger.
An orc comes into view. It is wielding a +0 flail.
The orc shouts!
The orc priest shouts!
Casting: Magic Dart (safe; 1% risk of failure)
Confirm with . or Enter, or press ? or * to list all spells.
Aiming: Searing Ray (safe; 2% risk of failure)
Press: ? - help, Shift-Dir - straight line, f - orc
Aim: an orc, wielding a +0 mace (79% to hit)
The searing ray hits the orc!
You kill the orc!
The searing ray hits the orc wizard.
The orc wizard is moderately wounded.
The searing ray hits the orc priest.
The orc priest is moderately wounded. (Press . to maintain the ray.)
Your Conjurations skill increases to level 5!
You now have 6/8 mp.
The searing ray hits the orc wizard.
The orc wizard is severely wounded.
The searing ray hits the orc priest!
The orc priest is severely wounded.
The searing ray hits the orc.
The orc is moderately wounded.
The orc wizard gestures at you while chanting.
You are confused.
You now have 5/8 mp.
The orc wizard barely misses you. The orc wizard misses you.
Unknown command.
Unknown command.
Are you sure you want to abandon this character and quit the game? (Confirm with "yes".)

# #.########
#.#...##...##
...<..#.###.##
..####.##
##.##### . #.#
#.<...# ..#
#.###.# ###.
#.## #.# # ..#
#.# ### #@#
#o# #o# #o#
... ..# ###


You could see an orc priest, an orc wizard and an orc.

Vanquished Creatures
  A dart slug (D:2)
  An orc (D:3)
  2 bats (D:2)
  3 endoplasms
  A goblin (D:2)
  2 hobgoblins (D:2)
  A quokka (D:2)
  2 ball pythons (D:2)
  A rat (D:1)
14 creatures vanquished.

Notes
Turn   | Place    | Note
-------+----------+-------------------------------------------
     0 | D:1      | Psyclone the Deep Elf Conjurer began the quest for the Orb.
     0 | D:1      | Reached XP level 1. HP: 10/10 MP: 6/6
    80 | D:2      | Found Zutuxkoi's Jewellery Shop.
    83 | D:2      | Reached XP level 2. HP: 15/15 MP: 4/8
   115 | D:2      | Learned a level 2 spell: Searing Ray
   278 | D:3      | Reached skill level 5 in Conjurations
   281 | D:3      | Quit the game

Illustrated notes

Levels and vault maps discovered:
D:1:      saegor_arrival_simple_c, layout_rooms, serial_shops, shop,
          kennysheep_nondescript, minmay_misc_feat_ornament
D:2:      layout_basic, serial_shops, nicolae_shop_tiny_statue_garden,
          nicolae_shop_scrapyard, shop, shop
D:3:      layout_loops_ring

Skill      XL: |  1  2 |
---------------+-------+-----
Conjurations   | 5 |  5.0
Dodging        | |  2.4
Stealth        | |  2.4
Spellcasting   | |  3.5

Action                     || total
---------------------------++-------
   Cast: Magic Dart        ||    19
         Searing Ray       ||     1
  Dodge: Dodged            ||     3
